Cogmind - Beta 15 @@@ ROGUE MODE // 2025.06.04 @ 22:11:54 Player: Mas5akr Result: Destroyed by H-66 Slayer with Gauss Rifle Performance ------------- Evolutions (3) 1500 Regions Visited (14) 2800 Robots Destroyed (127) 635 Value Destroyed (3301) 3301 Prototype IDs (44) 880 Alien Tech Used (0) 0 Bonus (800) 800 TOTAL SCORE: 9916 Bonus ------- High Alert Combat Kills 132 Follower Combat Kills 68 Aligned with FarCom 300 Met Data Miner 300 Cogmind --------- Core Integrity 0/700 Matter 286/300 Energy 1593/1600 System Corruption 4% Temperature Cool (0) Movement Flying (29) Location -6/Proximity Caves Parts ------- > --- POWER (1) -------- (None) > --- PROPULSION (3) --- Improved VTOL Module Improved VTOL Module Improved Cesium-ion Thruster > --- UTILITY (7) ------ Superbattery Advanced Visual Processing Unit Improved Signal Interpreter Transport Network Coupler Target Analyzer Hacking Suite Hacking Suite > --- WEAPON (2) ------- Chainsword > --- INVENTORY (5) ---- Micro Nuclear Core Cesium-ion Thruster Hardened Light Armor Plating Remote Datajack Powered Hammer Peak State ------------ > --- POWER ------------ Light Nuclear Core > --- PROPULSION ------- Improved VTOL Module Improved VTOL Module Improved Cesium-ion Thruster > --- UTILITY ---------- Superbattery Advanced Visual Processing Unit Improved Signal Interpreter Transport Network Coupler Hacking Suite Hacking Suite > --- WEAPON ----------- Remote Datajack Chainsword > --- INVENTORY -------- Cesium-ion Thruster Improved VTOL Module Hardened Light Armor Plating Powered Hammer [Rating: 48] Favorites ----------- Power Light Nuclear Core Engine Light Ion Engine Power Core Light Nuclear Core Propulsion Light Treads Treads Light Treads Flight Unit Improved VTOL Module Utility Small Storage Unit Device Microactuators Storage Small Storage Unit Processor Improved Melee Analysis Suite Hackware Hacking Suite Protection Improved Power Shielding Weapon Precision Beam Rifle Energy Gun Precision Beam Rifle Launcher Mini Grenade Launcher Special Weapon Remote Datajack Impact Weapon Powered Hammer Slashing Weapon Chainsword Piercing Weapon Spear Build | -11 -10 -10 -9 -9 -9 -8 -8 -7 -7 -7 -7 -7 -7 -6 ------- Run | Yrd Mat Min Mat Min Exi Min Mat Fac Was Fac Low Low Dat Pro Slots Evolved 6 | . . . 2 . . . 2 2 . . . . . . Power . | . . . . . . . . . . . . . . . Propulsion 1 | . . . 1 . . . . . . . . . . . Utility 5 | . . . 1 . . . 2 2 . . . . . . Weapon . | . . . . . . . . . . . . . . . Parts Attached 73 | 7 3 2 11 2 1 . 5 11 3 21 1 4 1 1 Power 9 | 2 . . . 1 . . . 1 . 4 . 1 . . Engine 3 | 2 . . . . . . . . . 1 . . . . Core 6 | . . . . 1 . . . 1 . 3 . 1 . . Reactor . | . . . . . . . . . . . . . . . Propulsion 19 | 2 . . 5 . . . 4 4 1 2 . 1 . . Treads 14 | 2 . . 5 . . . 3 4 . . . . . . Leg . | . . . . . . . . . . . . . . . Wheel . | . . . . . . . . . . . . . . . Hover . | . . . . . . . . . . . . . . . Flight 5 | . . . . . . . 1 . 1 2 . 1 . . Utility 23 | 1 1 . 1 1 . . 1 5 2 8 . 2 . 1 Device 2 | . . . . . . . . . . 2 . . . . Storage 3 | 1 . . . . . . . . 1 . . 1 . . Processor 8 | . . . . . . . 1 3 . 3 . . . 1 Hackware 2 | . . . . . . . . . . 2 . . . . Protection 8 | . 1 . 1 1 . . . 2 1 1 . 1 . . Artifact . | . . . . . . . . . . . . . . . Weapon 22 | 2 2 2 5 . 1 . . 1 . 7 1 . 1 . Energy Gun 9 | 2 2 . 3 . . . . . . 2 . . . . Energy Cannon . | . . . . . . . . . . . . . . . Ballistic Gun . | . . . . . . . . . . . . . . . Ballistic Cannon . | . . . . . . . . . . . . . . . Launcher 6 | . . 2 2 . . . . . . 1 1 . . . Special Weapon 1 | . . . . . . . . . . . . . 1 . Impact Weapon 2 | . . . . . . . . 1 . 1 . . . . Slashing Weapon 3 | . . . . . 1 . . . . 2 . . . . Piercing Weapon 1 | . . . . . . . . . . 1 . . . . Special Melee Weapon . | . . . . . . . . . . . . . . . Unidentified Prototypes 7 | . 1 . 2 . . . 2 . . 2 . . . . Corrupted Parts 2 | . . . 1 . . . . . . . . 1 . . System Corruption 4 | . . . 1 . . . . . . . . 3 . . Parts Lost 17 | . . 1 2 . . . 3 . 4 2 2 1 . 2 Power 6 | . . 1 . . . . . . 1 2 1 . . 1 Propulsion 3 | . . . 2 . . . . . . . . . . 1 Utility 6 | . . . . . . . 2 . 2 . 1 1 . . Weapon 2 | . . . . . . . 1 . 1 . . . . . Highest Loss Streak 3 | . . 1 1 . . . 1 . 3 1 1 1 . 2 To Critical Strikes . | . . . . . . . . . . . . . . . Average Backups 7 | 2 4 6 7 8 8 7 7 7 5 7 7 7 4 4 Power . | . 1 . . . . . . . . . . . . . Propulsion 1 | . . 1 . 1 1 1 1 2 1 . 2 1 2 1 Utility 1 | . . 1 1 1 1 2 2 2 2 2 2 2 1 1 Weapon 3 | 1 2 3 4 5 5 4 3 2 1 3 3 1 1 1 Tool/Special . | . . . . . . . . . . . . . . . Unused Backups 9 | . . . 2 . . . 2 . 2 1 . . . 2 Power . | . . . . . . . . . . . . . . . Propulsion 3 | . . . 1 . . . 1 . . . . . . 1 Utility 2 | . . . . . . . . . 1 . . . . 1 Weapon 3 | . . . 1 . . . 1 . . 1 . . . . Tool/Special 1 | . . . . . . . . . 1 . . . . . Average Slot Usage (%) 82 | . 90 97 91 100 91 97 74 76 72 81 87 77 85 80 Engine 2 | . 14 12 11 3 . . . . . . 3 . . . Core 5 | . . . . 7 11 11 9 6 3 5 2 1 7 3 Treads 18 | . 28 28 27 33 33 33 27 23 7 . . . . . Flight 6 | . . . . . . . . . 6 20 23 23 23 23 Storage 8 | . 14 14 11 11 11 11 9 7 6 7 7 6 7 7 Processor 11 | . . . . . . . . 18 29 24 28 23 23 23 Hackware 3 | . . . . . . . . . . 9 15 15 15 15 Protection 9 | . 5 14 20 22 22 22 10 3 8 2 . 1 . . Energy Gun 8 | . 28 17 15 15 4 . 7 14 2 . . . . . Launcher 4 | . . 10 6 6 4 17 10 . 1 . . . . . Slashing Weapon 1 | . . . . . 4 2 . . 3 2 2 5 6 7 Peak Build Rating 48 | 6 11 11 18 20 20 18 27 46 41 45 42 45 48 44 Average Rating 27 | 3 9 10 15 19 18 17 23 34 31 38 39 35 44 42 On Entrance 24 | . 6 11 9 18 20 18 18 26 45 24 41 38 44 44 Naked Turns . | . . . . . . . . . . . . . . . Heaviest Build 30 | 13 17 18 17 23 23 20 21 30 30 16 18 18 15 12 Greatest Support 76 | 40 40 40 60 60 60 60 60 76 48 16 16 16 16 16 Greatest Overweight (x) 2 | 2 . . . . . . . . . 1 1 1 . . Average Overweight (x) . | . . . . . . . . . . . . . . . Largest Inventory Capacity 8 | 8 8 8 8 8 8 8 8 8 8 8 8 8 5 5 Average Capacity 7 | 7 8 8 8 8 8 8 8 8 7 8 8 7 5 5 Most Carried 8 | 6 6 7 8 8 8 8 8 8 7 8 8 8 5 5 Average Carried 7 | 2 4 6 7 8 7 7 7 7 5 7 7 7 4 4 Final Capacity 8 | 8 8 8 8 8 8 8 8 8 8 8 8 5 5 5 Final Carried 8 | 2 6 6 8 8 8 7 8 7 6 8 7 5 5 5 Class Distribution -------------------- 73% | Mutant 11% | Hacker-Sprinter 6% | Hacker-Scout 4% | Sprinter 3% | Scavenger-Mutant Dominant Class ---------------- Mutant | -10/Materials Mutant | -10/Mines Mutant | -9/Materials Mutant | -9/Mines Mutant | -9/Exiles Mutant | -8/Mines Mutant | -8/Materials Mutant | -7/Factory Sprinter | -7/Waste Mutant | -7/Factory Hacker-Sprinter | -7/Lower Caves Hacker-Sprinter | -7/Lower Caves Hacker-Sprinter | -7/Data Miner Hacker-Sprinter | -6/Proximity Caves Resources | -11 -10 -10 -9 -9 -9 -8 -8 -7 -7 -7 -7 -7 -7 -6 ----------- Run | Yrd Mat Min Mat Min Exi Min Mat Fac Was Fac Low Low Dat Pro Matter Collected 2433 | 144 32 151 480 40 . 58 776 150 . 405 75 15 . 107 Remotely . | . . . . . . . . . . . . . . . Salvage Created 3429 | . 67 115 689 12 . 108 1197 377 183 484 55 95 . 47 Parts 221 | . 9 12 52 3 . 4 83 17 . 27 4 4 . 6 Haulers Intercepted 9 | . . . 3 . . . 4 . . 2 . . . . Recyclers Shooed 4 | . . . 1 . . . 3 . . . . . . . Parts Field Recycled . | . . . . . . . . . . . . . . . Retrieved Matter . | . . . . . . . . . . . . . . . Parts Self-Destructed 22 | . . . . . . . . . . . 9 4 . 9 Prevented 4 | . . . . . . . . . . . 4 . . . Kills | -11 -10 -10 -9 -9 -9 -8 -8 -7 -7 -7 -7 -7 -7 -6 ------- Run | Yrd Mat Min Mat Min Exi Min Mat Fac Was Fac Low Low Dat Pro Combat Hostiles Destroyed 81 | . 4 9 17 3 . 1 29 7 1 5 2 2 . 1 Melee 12 | . . . . . . 1 . 2 . 5 1 2 . 1 Guns 21 | . 4 4 4 1 . . 4 4 . . . . . . AOE 47 | . . 5 13 2 . . 25 . 1 . 1 . . . Classes Destroyed 17 | . 1 2 8 . . 2 2 1 1 . . . . . Worker 8 | . . . 1 . . . 7 . . . . . . . Builder 7 | . . . 4 . . . 2 . . 1 . . . . Tunneler 2 | . . . 1 . . . 1 . . . . . . . Hauler 9 | . . . 3 . . . 4 . . 2 . . . . Recycler 3 | . . . . . . 1 2 . . . . . . . Operator 5 | . . . . . . . 2 . . 3 . . . . Watcher 12 | . . . 4 . . . 5 . . 3 . . . . Swarmer 32 | . 4 6 4 3 . . 10 . . 3 2 . . . Grunt 23 | . . 1 4 . . . 14 4 . . . . . . Brawler 1 | . . . 1 . . . . . . . . . . . Duelist 1 | . . . 1 . . . . . . . . . . . Sentry 12 | . . . 7 . . . 3 . . 2 . . . . Demolisher 2 | . . 2 . . . . . . . . . . . . Specialist 4 | . . . . . . . 2 2 . . . . . . Hunter 3 | . . . . . . 1 . . . . . 2 . . Programmer 2 | . . . . . . . . 1 . . . . . 1 Compactor 1 | . . . . . . . . . 1 . . . . . Best Kill Streak 16 | . 3 3 16 3 . 1 12 2 1 4 1 1 . 1 Combat Bots Only 9 | . 3 3 9 3 . 1 6 2 1 3 1 1 . 1 Max Kills in Single Turn 4 | . 1 2 3 1 . 1 4 1 1 1 1 1 . 1 Gunslinging . | . . . . . . . . . . . . . . . Exploded 4 | . . 2 2 1 . . 4 . 1 . 1 . . . Melee 1 | . . . . . . 1 . 1 . 1 1 1 . 1 Uniques/NPCs Destroyed . | . . . . . . . . . . . . . . . Combat | -11 -10 -10 -9 -9 -9 -8 -8 -7 -7 -7 -7 -7 -7 -6 -------- Run | Yrd Mat Min Mat Min Exi Min Mat Fac Was Fac Low Low Dat Pro Hostile Shots Fired 360 | . 11 18 49 14 . 9 78 40 3 61 36 20 . 21 Missed 124 | . 5 5 18 2 . 1 29 14 . 25 9 6 . 10 Hits 236 | . 6 13 31 12 . 8 49 26 3 36 27 14 . 11 Melee 4 | . . . . . . . . . 3 . . . . 1 Projectile 232 | . 6 13 31 12 . 8 49 26 . 36 27 14 . 10 AOE 4 | . . 4 . . . . . . . . . . . . Critical Strikes 8 | . . . 1 . . . 3 1 2 . . . . 1 Part Disruptions 1 | . . . . . . . . . . . 1 . . . Damage Taken 3875 | . 81 255 505 101 . 151 858 492 197 400 438 174 . 223 Core 1117 | . 41 58 89 . . 16 207 67 124 137 161 117 . 100 Absorbed by Shields . | . . . . . . . . . . . . . . . Redirected to Shielding 132 | . . 21 59 6 . . 46 . . . . . . . Regen/Repaired (Parts) 54 | . . . . . . . . 37 . 17 . . . . Core Remaining (%) 73 | 100 . 60 . . . 73 62 . . . . . . . Volleys Fired 177 | . 6 9 51 4 . . 66 20 13 1 3 . 4 . Largest 2 | . 2 2 2 2 . . 2 2 1 2 1 . 1 . Hottest 150 | . 90 90 122 94 . . 122 122 30 150 39 . 5 . Shots Fired 304 | . 12 17 89 8 . 1 115 40 13 2 3 . 4 . Gun 192 | . 12 8 61 4 . . 65 40 . 2 . . . . Cannon . | . . . . . . . . . . . . . . . Launcher 108 | . . 9 28 4 . 1 50 . 13 . 3 . . . Special 4 | . . . . . . . . . . . . . 4 . Kinetic . | . . . . . . . . . . . . . . . Thermal 152 | . 6 . 45 4 . . 55 40 . 2 . . . . Explosive 105 | . . 9 28 4 . 1 50 . 13 . . . . . Electromagnetic 43 | . 6 8 16 . . . 10 . . . 3 . . . Robot Hit Streak 17 | . 5 2 11 4 . 3 15 17 12 14 . . 2 . Robot Miss Streak 4 | . 3 2 3 1 . . 3 2 . . 2 . 4 . Penetration Max . | . . . . . . . . . . . . . . . Secondary Targets 2 | . . 1 1 . . . . . . . . . . . Max Gunslinging Chain 1 | . . 1 1 . . . . . . . . . . . Shots Hit Robots 222 | . 5 6 48 4 . 5 63 37 10 23 8 10 2 1 Core Hits 197 | . 4 16 43 4 . 2 92 12 5 14 2 2 . 1 Critical Kills . | . . . . . . . . . . . . . . . Critical Parts Destroyed . | . . . . . . . . . . . . . . . Critical Strikes 24 | . . . 5 . . 1 4 3 1 5 1 4 . . Burn 11 | . . . 5 . . . 4 2 . . . . . . Sever 10 | . . . . . . 1 . 1 1 2 1 4 . . Impale 3 | . . . . . . . . . . 3 . . . . Melee Attacks 80 | . . . . . . 6 . 6 3 39 14 10 . 2 Impact 1 | . . . . . . . . . . 1 . . . . Slashing 47 | . . . . . . 6 . 6 3 6 14 10 . 2 Piercing 32 | . . . . . . . . . . 32 . . . . Sneak Attacks 4 | . . . . . . . . . . 4 . . . . Combat Hostiles . | . . . . . . . . . . . . . . . Follow-up Attacks . | . . . . . . . . . . . . . . . Damage Inflicted 10964 | . 59 358 2315 247 . 223 3918 756 1391 948 370 338 . 41 Guns 2434 | . 59 71 811 33 . . 855 561 . 44 . . . . Cannons . | . . . . . . . . . . . . . . . Explosions 6523 | . . 287 1504 214 . 58 3063 . 1334 . 63 . . . Melee 2007 | . . . . . . 165 . 195 57 904 307 338 . 41 Ramming . | . . . . . . . . . . . . . . . Kinetic . | . . . . . . . . . . . . . . . Thermal 2176 | . 22 . 697 33 . . 819 561 . 44 . . . . Explosive 6270 | . . 287 1422 214 . 58 2955 . 1334 . . . . . Electromagnetic 511 | . 37 71 196 . . . 144 . . . 63 . . . Impact . | . . . . . . . . . . . . . . . Slashing 1290 | . . . . . . 165 . 195 57 187 307 338 . 41 Piercing 717 | . . . . . . . . . . 717 . . . . Highest Corruption 4 | . . . 4 4 4 4 1 . . . 1 4 4 4 Average Corruption 2 | . . . 3 4 4 4 1 . . . 1 1 4 4 Corruption Purged . | . . . . . . . . . . . . . . . Corruption Blocked 2 | . . . . . . . . . . 2 . . . . Effects 55 | . . . 14 5 14 3 11 . . . 2 2 2 2 Message Errors 16 | . . . 6 . 2 . 5 . . . . 1 . 2 Matter Fused 12 | . . . 1 1 6 1 1 . . . . . 2 . Heat Flow Errors 6 | . . . 1 1 2 . 1 . . . 1 . . . Energy Discharges 5 | . . . 3 1 . . . . . . . 1 . . Data Loss (minor) 9 | . . . 1 1 3 1 2 . . . 1 . . . Data Loss (major) 1 | . . . . . . . 1 . . . . . . . Misfires 3 | . . . 2 . . 1 . . . . . . . . Alerts 3 | . . . . 1 1 . 1 . . . . . . . Overload Shots . | . . . . . . . . . . . . . . . Overflow Damage 477 | . . 18 47 24 . . 205 . . 129 54 . . . Projectiles . | . . . . . . . . . . . . . . . Explosions 294 | . . 18 47 24 . . 205 . . . . . . . Melee 183 | . . . . . . . . . . 129 54 . . . Knockbacks . | . . . . . . . . . . . . . . . Impact . | . . . . . . . . . . . . . . . Kinetic . | . . . . . . . . . . . . . . . Secondary . | . . . . . . . . . . . . . . . Self-Inflicted Damage 378 | . 31 31 128 . . 34 117 . 3 . 34 . . . Shots 13 | . 1 2 3 . . 1 3 . 1 . 2 . . . Rammed . | . . . . . . . . . . . . . . . Targets Rammed . | . . . . . . . . . . . . . . . Kicked . | . . . . . . . . . . . . . . . Crushed . | . . . . . . . . . . . . . . . Highest Temperature 701 | . 102 90 216 282 115 2 240 701 . 54 245 . . . Average Temperature 94 | . 51 28 58 106 54 1 58 249 . 33 225 . . . Received Heat Transfer 723 | . . 6 132 . . . 315 198 . 54 . . . 18 Effects 21 | . . . . . . . . 21 . . . . . . Shutdowns 3 | . . . . . . . . 3 . . . . . . Energy Bleed 3 | . . . . . . . . 3 . . . . . . Interference 3 | . . . . . . . . 3 . . . . . . Short Circuit 2 | . . . . . . . . 2 . . . . . . Damage (minor) 2 | . . . . . . . . 2 . . . . . . Damage (major) 8 | . . . . . . . . 8 . . . . . . Siege Activations . | . . . . . . . . . . . . . . . Martial Activations . | . . . . . . . . . . . . . . . Shielding Activations . | . . . . . . . . . . . . . . . Robots Disrupted . | . . . . . . . . . . . . . . . Combat Hostiles . | . . . . . . . . . . . . . . . Robots Corrupted . | . . . . . . . . . . . . . . . Combat Hostiles . | . . . . . . . . . . . . . . . Parts Fried 1 | . . . . . . . 1 . . . . . . . Impact Corruptions . | . . . . . . . . . . . . . . . Robots Melted 1 | . . . . . . . . 1 . . . . . . Combat Hostiles 1 | . . . . . . . . 1 . . . . . . Parts Melted 11 | . . . 3 . . . 4 4 . . . . . . Heat Transferred 5219 | . 50 . 1752 74 . . 1900 1369 . 74 . . . . Parts Sabotaged . | . . . . . . . . . . . . . . . Parts Stolen . | . . . . . . . . . . . . . . . Parts Stripped . | . . . . . . . . . . . . . . . Power Chain Reactions 3 | . 1 . 1 . . . 1 . . . . . . . Alert | -11 -10 -10 -9 -9 -9 -8 -8 -7 -7 -7 -7 -7 -7 -6 ------- Run | Yrd Mat Min Mat Min Exi Min Mat Fac Was Fac Low Low Dat Pro Maximum Alert Level 2 | . . . 2 1 . . 2 1 . . . . . . Low Security (%) 70 | 100 100 100 57 77 . 100 13 84 100 100 . . . . Level 1 11 | . . . 3 22 . . 31 15 . . . . . . Level 2 18 | . . . 38 . . . 54 . . . . . . . Level 3 . | . . . . . . . . . . . . . . . Level 4 . | . . . . . . . . . . . . . . . Level 5 . | . . . . . . . . . . . . . . . High Security . | . . . . . . . . . . . . . . . Max Security . | . . . . . . . . . . . . . . . Peak Influence 666 | . 66 111 469 219 . 30 666 294 29 116 . . . . Initial 294 | . . 21 39 156 . . . 294 29 1 . . . . Average 166 | . 17 44 232 174 . 6 432 88 8 28 . . . . Influence Increases 3405 | . 126 260 744 103 . 45 1164 188 43 372 50 60 . 250 Destroy 0b10 Robot/C 1700 | . 80 180 340 60 . 20 580 140 . 100 40 40 . 120 Destroy 0b10 Robot/NC 225 | . . . 65 . . 5 115 . . 40 . . . . Destroy Leader 392 | . 10 40 114 10 . 10 108 30 . 40 10 20 . . Allied During Kill 10 | . . . . . . . . . . . . . . 10 Successful Hack 69 | . . . . . . . 17 3 . 49 . . . . Disable Machine 210 | . . . 45 . . . 120 . . 45 . . . . Destroy Structure 484 | . 6 40 150 33 . 10 194 . 43 8 . . . . Partial Spotted 15 | . . . . . . . . . . 15 . . . . Lose Combat Pursuer 300 | . 30 . 30 . . . 30 15 . 75 . . . 120 Influence Decreases 3235 | . 70 215 445 334 169 45 516 753 124 285 139 60 . 80 Entered New Map 953 | . . 35 62 244 169 . . 354 54 1 34 . . . Time Decay 2124 | . 70 170 363 90 . 45 486 399 42 274 85 60 . 40 Lost Part 138 | . . 10 20 . . . 30 . 28 10 20 . . 20 Lost Ally 20 | . . . . . . . . . . . . . . 20 Squads Dispatched 13 | . . . . 1 . . 2 2 . 8 . . . . Investigation 2 | . . . . 1 . . . . . 1 . . . . Extermination 5 | . . . . . . . . 1 . 4 . . . . Reinforcement 3 | . . . . . . . 2 1 . . . . . . Assault . | . . . . . . . . . . . . . . . Garrison 3 | . . . . . . . . . . 3 . . . . Intercept . | . . . . . . . . . . . . . . . Searches Triggered . | . . . . . . . . . . . . . . . Construction Impeded 1 | . . . . . . . 1 . . . . . . . Haulers Reinforced . | . . . . . . . . . . . . . . . Active Scanning Responses . | . . . . . . . . . . . . . . . Cargo Convoy Interrupts . | . . . . . . . . . . . . . . . Stealth | -11 -10 -10 -9 -9 -9 -8 -8 -7 -7 -7 -7 -7 -7 -6 --------- Run | Yrd Mat Min Mat Min Exi Min Mat Fac Was Fac Low Low Dat Pro Distress Signals 9 | . . . 5 1 . . 1 . . 2 . . . . Communications Jammed . | . . . . . . . . . . . . . . . Distress Signals . | . . . . . . . . . . . . . . . Times Spotted 141 | . 6 10 23 3 . 1 40 11 8 18 4 2 . 15 Peak Tracking Total 13 | . 3 3 5 3 . 1 4 4 5 4 3 1 . 13 Tactical Retreats 14 | . 1 . 2 . . . 2 1 2 3 . . . 3 Traps | -11 -10 -10 -9 -9 -9 -8 -8 -7 -7 -7 -7 -7 -7 -6 ------- Run | Yrd Mat Min Mat Min Exi Min Mat Fac Was Fac Low Low Dat Pro Traps Triggered 5 | . . . 1 . . . 1 2 . 1 . . . . Indirectly . | . . . . . . . . . . . . . . . Trap Hack Attempts . | . . . . . . . . . . . . . . . Triggered . | . . . . . . . . . . . . . . . Disarmed . | . . . . . . . . . . . . . . . Reprogrammed . | . . . . . . . . . . . . . . . Reused . | . . . . . . . . . . . . . . . Traps Extracted . | . . . . . . . . . . . . . . . Installed . | . . . . . . . . . . . . . . . Triggered . | . . . . . . . . . . . . . . . Machines | -11 -10 -10 -9 -9 -9 -8 -8 -7 -7 -7 -7 -7 -7 -6 ---------- Run | Yrd Mat Min Mat Min Exi Min Mat Fac Was Fac Low Low Dat Pro Machines Disabled 15 | . . . 3 . . . 8 . . 3 . . . 1 Max in Single Turn 2 | . . . 1 . . . 2 . . 1 . . . . Garrison Access 1 | . . . . . . . 1 . . . . . . . Machines Repaired . | . . . . . . . . . . . . . . . Machines Dismantled . | . . . . . . . . . . . . . . . Machines Sabotaged . | . . . . . . . . . . . . . . . Overloaded Fab Kills . | . . . . . . . . . . . . . . . Hacking | -11 -10 -10 -9 -9 -9 -8 -8 -7 -7 -7 -7 -7 -7 -6 --------- Run | Yrd Mat Min Mat Min Exi Min Mat Fac Was Fac Low Low Dat Pro Machines Accessed 40 | . . . 4 1 2 . 10 4 . 15 . . 4 . Terminals 24 | . . . 4 1 . . 8 2 . 9 . . . . Fabricators 2 | . . . . . . . . . . 2 . . . . Repair Stations 3 | . . . . . . . . 1 . 2 . . . . Recycling Units . | . . . . . . . . . . . . . . . Scanalyzers 2 | . . . . . . . 1 1 . . . . . . Garrison Access 3 | . . . . . . . 1 . . 2 . . . . Total Hacks 118 | . . . 6 2 8 . 26 7 . 37 . . 32 . Successful 77 | . . . 4 . 8 . 15 2 . 16 . . 32 . Failed 41 | . . . 2 2 . . 11 5 . 21 . . . . Catastrophic 6 | . . . 1 1 . . 2 . . 2 . . . . Database Lockouts . | . . . . . . . . . . . . . . . Manual 52 | . . . 6 2 1 . 15 4 . 24 . . . . Terminals 53 | . . . 6 2 . . 15 4 . 26 . . . . Fabricators 4 | . . . . . . . . . . 4 . . . . Repair Stations 6 | . . . . . . . . 2 . 4 . . . . Recycling Units . | . . . . . . . . . . . . . . . Scanalyzers 11 | . . . . . . . 10 1 . . . . . . Garrison Access 4 | . . . . . . . 1 . . 3 . . . . Terminal Hacks 51 | . . . 4 . 8 . 2 . . 5 . . 32 . Record 18 | . . . . . 7 . . . . . . . 11 . Part Schematic 13 | . . . . . . . . . . . . . 13 . Robot Schematic 5 | . . . . . . . . . . . . . 5 . Prototype ID Bank 3 | . . . . . . . . . . . . . 3 . Open DSF 1 | . . . . . . . . . . 1 . . . . Branch Access Points 2 | . . . 1 . . . 1 . . . . . . . Terminal Index 2 | . . . 1 . . . . . . 1 . . . . Alert Level 1 | . . . . . . . . . . 1 . . . . Hauler Manifests 3 | . . . 1 . . . 1 . . 1 . . . . Registered Components 2 | . . . 1 . . . . . . 1 . . . . Proto ID Catalog 1 | . . . . . 1 . . . . . . . . . Fabricator Hacks 3 | . . . . . . . . . . 3 . . . . Load Schematic 1 | . . . . . . . . . . 1 . . . . Build 2 | . . . . . . . . . . 2 . . . . Repair Station Hacks 5 | . . . . . . . . 2 . 3 . . . . Scan Component 3 | . . . . . . . . 1 . 2 . . . . Repair 2 | . . . . . . . . 1 . 1 . . . . Recycling Unit Hacks . | . . . . . . . . . . . . . . . Scanalyzer 9 | . . . . . . . 9 . . . . . . . Insert Component 5 | . . . . . . . 5 . . . . . . . Analyze 4 | . . . . . . . 4 . . . . . . . Garrison Access Hacks 1 | . . . . . . . 1 . . . . . . . Seal Access 1 | . . . . . . . 1 . . . . . . . Unauthorized Hacks 8 | . . . . . . . 3 . . 5 . . . . Terminals 7 | . . . . . . . 3 . . 4 . . . . Assimilate 1 | . . . . . . . . . . 1 . . . . Botnet 4 | . . . . . . . 2 . . 2 . . . . Operators 2 | . . . . . . . 1 . . 1 . . . . Fabricators . | . . . . . . . . . . . . . . . Repair Stations . | . . . . . . . . . . . . . . . Recycling Units . | . . . . . . . . . . . . . . . Scanalyzers . | . . . . . . . . . . . . . . . Garrison Access 1 | . . . . . . . . . . 1 . . . . Decoy 1 | . . . . . . . . . . 1 . . . . Data Cores Recovered 3 | . . . . . . . 1 . . 2 . . . . Used 2 | . . . . . . . 1 . . 1 . . . . Hacking Detections 30 | . . . 3 1 . . 9 4 . 13 . . . . Full Trace Events 2 | . . . . 1 . . . . . 1 . . . . Feedback Events . | . . . . . . . . . . . . . . . Feedback Blocked . | . . . . . . . . . . . . . . . Robot Schematics Acquired 5 | . . . . . . . . . . . . . 5 . Robots Built . | . . . . . . . . . . . . . . . Authchips . | . . . . . . . . . . . . . . . Time . | . . . . . . . . . . . . . . . Total Robot Build Rating . | . . . . . . . . . . . . . . . Part Schematics Acquired 17 | . . . . . . . 4 . . . . . 13 . Parts Built 3 | . . . . . . . . . . 3 . . . . Authchips . | . . . . . . . . . . . . . . . Time 158 | . . . . . . . . . . 158 . . . . Total Part Build Rating 11 | . . . . . . . . . . 11 . . . . Parts Repaired 2 | . . . . . . . . 1 . 1 . . . . Time 98 | . . . . . . . . 38 . 60 . . . . Parts Recycled . | . . . . . . . . . . . . . . . Recycled Matter . | . . . . . . . . . . . . . . . Retrieved Matter . | . . . . . . . . . . . . . . . Retrieved Components . | . . . . . . . . . . . . . . . Parts Scanalyzed 4 | . . . . . . . 4 . . . . . . . Part Schematics Acquired 4 | . . . . . . . 4 . . . . . . . Parts Damaged 1 | . . . . . . . 1 . . . . . . . Bothacking | -11 -10 -10 -9 -9 -9 -8 -8 -7 -7 -7 -7 -7 -7 -6 ------------ Run | Yrd Mat Min Mat Min Exi Min Mat Fac Was Fac Low Low Dat Pro Used RIF Installer . | . . . . . . . . . . . . . . . Robots Hacked 1 | . . . . . . . . . . . . . 1 . Non-combat . | . . . . . . . . . . . . . . . Combat 1 | . . . . . . . . . . . . . 1 . Robot Hacks Applied 1 | . . . . . . . . . . . . . 1 . parse_system 1 | . . . . . . . . . . . . . 1 . Relay Couplers Released . | . . . . . . . . . . . . . . . Fabnet Peak Effective % . | . . . . . . . . . . . . . . . Robots Rewired . | . . . . . . . . . . . . . . . Allies Hacked . | . . . . . . . . . . . . . . . Hacks Repelled . | . . . . . . . . . . . . . . . Allies | -11 -10 -10 -9 -9 -9 -8 -8 -7 -7 -7 -7 -7 -7 -6 -------- Run | Yrd Mat Min Mat Min Exi Min Mat Fac Was Fac Low Low Dat Pro Total Allies 21 | . . . . . . . . . 19 1 . . . 1 Largest Group 19 | . . . . . . . . . 19 1 . . . 1 Highest-Rated Group 475 | . . . . . . . . . 475 10 . . . 96 Highest-Rated Ally 96 | . . . . . . . . . 35 10 . . . 96 Total Orders . | . . . . . . . . . . . . . . . Ally Attacks 27 | . . . . . . . . . 22 . . . . 5 Total Damage 1007 | . . . . . . . . . 478 . . . . 529 Kills 6 | . . . . . . . . . 1 . . . . 5 Allies Corrupted . | . . . . . . . . . . . . . . . Allies Melted . | . . . . . . . . . . . . . . . Intel | -11 -10 -10 -9 -9 -9 -8 -8 -7 -7 -7 -7 -7 -7 -6 ------- Run | Yrd Mat Min Mat Min Exi Min Mat Fac Was Fac Low Low Dat Pro Active Infowar (turns) 2971 | . . . . . . . 49 1286 201 785 189 303 72 86 Optics 2971 | . . . . . . . 49 1286 201 785 189 303 72 86 T.N.C. 1170 | . . . . . . . . . . 520 189 303 72 86 Robot Analysis Total . | . . . . . . . . . . . . . . . Derelict Logs Recovered 3 | . . 1 . 1 . . . . . . 1 . . . Drone Launches . | . . . . . . . . . . . . . . . Drone Recoveries . | . . . . . . . . . . . . . . . Exploration | -11 -10 -10 -9 -9 -9 -8 -8 -7 -7 -7 -7 -7 -7 -6 ------------- Run | Yrd Mat Min Mat Min Exi Min Mat Fac Was Fac Low Low Dat Pro Turns Passed 7373 | 82 232 354 878 185 433 141 1464 1306 207 1441 189 303 72 86 Spaces Moved 6614 | 55 127 202 412 105 268 80 713 599 282 2198 404 678 218 273 Core 34 | 27 . . . . . . . . 7 . . . . . Treads 2576 | 28 127 202 412 105 268 80 713 599 42 . . . . . Legs . | . . . . . . . . . . . . . . . Wheels . | . . . . . . . . . . . . . . . Hover . | . . . . . . . . . . . . . . . Flight 4004 | . . . . . . . . . 233 2198 404 678 218 273 Fastest Speed 29 | 50 160 160 160 160 160 160 160 158 32 29 29 29 29 29 Average Speed 85 | 124 160 160 160 160 160 160 168 161 52 39 33 31 29 29 Slowest Speed 170 | 160 160 160 160 160 160 160 170 170 165 105 97 97 29 29 Overloaded Moves . | . . . . . . . . . . . . . . . Propulsion Burnouts . | . . . . . . . . . . . . . . . Robots Hopped 6 | . . . . . . . . . . 6 . . . . Potential Cave-ins . | . . . . . . . . . . . . . . . Cave-ins Triggered . | . . . . . . . . . . . . . . . Exploration Rate (%) 45 | 5 20 47 46 31 61 23 58 19 92 38 61 60 78 47 Regions Visited 14 Branch Regions 8 Pre-discovered Areas 5 | . . 1 . 1 1 . . . . . 1 . 1 . Known Exits Taken 5 | . . . 1 . . . . . . 1 1 1 1 . Unknown Exits Taken 7 | 1 1 1 . 1 1 1 1 . . . . . . . Scrap Searched 2 | . . . . 1 . . . . . . . 1 . . Spaces Dug 27 | . . 19 . . . . . . . 8 . . . . Terrain Destroyed 650 | . 5 58 177 41 . 17 276 . 68 8 . . . . Melee 8 | . . . . . . . . . . 8 . . . . Projectile . | . . . . . . . . . . . . . . . AOE 642 | . 5 58 177 41 . 17 276 . 68 . . . . . Terrain Rammed . | . . . . . . . . . . . . . . . Walls Destroyed . | . . . . . . . . . . . . . . . Machines Disabled . | . . . . . . . . . . . . . . . Actions | -11 -10 -10 -9 -9 -9 -8 -8 -7 -7 -7 -7 -7 -7 -6 --------- Run | Yrd Mat Min Mat Min Exi Min Mat Fac Was Fac Low Low Dat Pro Total 7905 | 67 144 215 541 114 274 87 860 894 325 2698 434 750 224 278 Wait 830 | . . 1 45 . . . 57 244 17 417 4 45 . . Move 6589 | 54 126 201 411 104 267 79 712 599 281 2185 403 677 217 273 Hop 6 | . . . . . . . . . . 6 . . . . Pick Up 49 | 6 7 1 9 1 2 . 6 2 4 5 2 3 . 1 Fast Attach 43 | 2 . . 4 1 . . 2 8 . 21 . 4 . 1 Attach 25 | 4 1 1 3 . 1 1 1 1 4 2 2 2 1 1 Detach 11 | . . . . . 1 . . . 1 4 1 3 1 . Swap 44 | 1 2 2 11 2 . 1 10 5 1 3 3 2 1 . Drop 51 | . 2 . 7 2 3 . 6 9 1 15 2 4 . . Fire 177 | . 6 9 51 4 . . 66 20 13 1 3 . 4 . Melee 80 | . . . . . . 6 . 6 3 39 14 10 . 2 Ram . | . . . . . . . . . . . . . . . Kick . | . . . . . . . . . . . . . . . Crush . | . . . . . . . . . . . . . . . Escape Stasis . | . . . . . . . . . . . . . . . Rewire . | . . . . . . . . . . . . . . . Trap . | . . . . . . . . . . . . . . . Miscellaneous . | . . . . . . . . . . . . . . . Route ------- -11/Scrapyard -10/Materials -10/Mines -9/Materials (discovered 3 exits: *Mat / *Min x2) -9/Mines -9/Exiles (discovered 2 exits: [*Min x2]) -8/Mines -8/Materials (discovered 3 exits: *Fac / *Sto x2) -7/Factory (discovered 2 exits: *Low x2) -7/Waste -7/Factory (discovered 2 exits: *Fac / *Low) -7/Lower Caves -7/Lower Caves (discovered 2 exits: *Fac / *Dat) -7/Data Miner -6/Proximity Caves History --------- Turn | Location | Event 5 | -11/Scrapyard | Discovered new exit (range 16) 83 | -11/Scrapyard | Entered Materials 236 | -10/Materials | Discovered new exit (range 8) 300 | -10/Materials | Build established: Mutant 315 | -10/Materials | Entered Mines 412 | -10/Mines | Learned location of Zion (-6) 471 | -10/Mines | Assembled infested the area 476 | -10/Mines | Assisted by a Guerilla fighting off Assembled 516 | -10/Mines | Received a Rocket Launcher from a helpful Derelict 653 | -10/Mines | Discovered new exit (range 10) 669 | -10/Mines | Entered Materials 669 | -9/Materials | Evolved 2 slots: Propulsion x1, Utility x1 813 | -9/Materials | Discovered new exit (range 15) 901 | -9/Materials | Discovered new exit (range 9) 954 | -9/Materials | Identified exit to Mines 1228 | -9/Materials | Destroyed 9 combat bots 1547 | -9/Materials | Entered Mines 1594 | -9/Mines | A weapon hastily lodged in a ceiling crevice suddenly fell to the ground 1726 | -9/Mines | Deemed a non-threat by the Exiles lab entrance 1726 | -9/Mines | Discovered new exit (range 5) 1732 | -9/Mines | Entered Exiles 1772 | -9/Exiles | Met 8R-AWN 1784 | -9/Exiles | Discovered new exit (range 14) 1844 | -9/Exiles | Met EX-HEX 1892 | -9/Exiles | Met EX-BIN 1910 | -9/Exiles | Aligned with FarCom system 1912 | -9/Exiles | Given EX-Vault access code 1961 | -9/Exiles | Opened EX-Vault 1984 | -9/Exiles | Found Superbattery 2017 | -9/Exiles | Warned to stay clear of 0b10 Research branches 2067 | -9/Exiles | Met EX-DEC 2145 | -9/Exiles | Discovered new exit (range 14) 2165 | -9/Exiles | Left Exiles lab with Superbattery 2165 | -9/Exiles | Entered Mines 2300 | -8/Mines | Discovered new exit (range 5) 2306 | -8/Mines | Entered Materials 2306 | -8/Materials | Evolved 2 slots: Utility x2 2940 | -8/Materials | Discovered new exit (range 16) 3240 | -8/Materials | Discovered new exit (range 7) 3414 | -8/Materials | Identified exit to Storage 3770 | -8/Materials | Entered Factory 3770 | -7/Factory | Evolved 2 slots: Utility x2 4179 | -7/Factory | Repaired Lgt. Nuclear Core 4223 | -7/Factory | Discovered new exit (range 5) 4622 | -7/Factory | Discovered new exit (range 10) 5076 | -7/Factory | Sucked down chute 5076 | -7/Factory | Entered Waste 5125 | -7/Waste | Spotted C-40 Crusher 5127 | -7/Waste | Spotted C-40 Crusher 5133 | -7/Waste | Spotted C-40 Crusher 5140 | -7/Waste | Destroyed C-40 Crusher 5172 | -7/Waste | Crushed by Compactor (1 part destroyed, 1 dropped) 5175 | -7/Waste | Crushed by Compactor (1 part destroyed, 2 dropped) 5178 | -7/Waste | Crushed by Compactor (1 part destroyed, 2 dropped) 5209 | -7/Waste | Lost 3 parts (1p1u1w) 5217 | -7/Waste | Spotted C-40 Crusher 5218 | -7/Waste | Spotted C-40 Crusher 5226 | -7/Waste | Spotted C-40 Crusher 5234 | -7/Waste | Discovered new exit (range 17) 5246 | -7/Waste | Warlord forces began an assault 5280 | -7/Waste | Allies destroyed C-40 Crusher 5283 | -7/Waste | Entered Factory 5433 | -7/Factory | Fabricated Chainsword (x2) 5581 | -7/Factory | Found Prototype Launcher 5581 | -7/Factory | Identified Rocket Array 5955 | -7/Factory | Fabricated Imp. VTOL Module? 6031 | -7/Factory | Discovered new exit (range 19) 6039 | -7/Factory | Identified exit to Factory 6365 | -7/Factory | Garrison activated, responded to threat 6506 | -7/Factory | Build established: Hacker-Scout 6651 | -7/Factory | Discovered new exit (range 7) 6653 | -7/Factory | Identified exit to Lower Caves 6717 | -7/Factory | Repaired Imp. VTOL Module 6724 | -7/Factory | Entered Lower Caves 6774 | -7/Lower Caves | Core integrity fell below 50% 6833 | -7/Lower Caves | Learned location of Extension (-4) 6846 | -7/Lower Caves | Encountered a Warlord checkpoint 6869 | -7/Lower Caves | Discovered new exit (range 6) 6895 | -7/Lower Caves | Identified exit to Lower Caves 6913 | -7/Lower Caves | Entered another Lower Caves area 6958 | -7/Lower Caves | Discovered exit to Factory (range 9) 7018 | -7/Lower Caves | Encountered a Warlord checkpoint 7146 | -7/Lower Caves | Core integrity fell below 20% 7211 | -7/Lower Caves | Build established: Hacker-Sprinter 7215 | -7/Lower Caves | Discovered new exit (range 4) 7216 | -7/Lower Caves | Identified exit to Data Miner 7216 | -7/Lower Caves | Entered Data Miner 7216 | -7/Data Miner | Discovered new exit (range 6) 7218 | -7/Data Miner | Identified exit to Proximity Caves 7221 | -7/Data Miner | Met Data Miner 7232 | -7/Data Miner | Learned location of Section 7 (-2) 7232 | -7/Data Miner | Acquired the access code to Warlord's prototype stash 7238 | -7/Data Miner | Received God Mode back door access code from Data Miner 7288 | -7/Data Miner | Entered Proximity Caves 7321 | -6/Proximity Caves | Ambushed by research squad 7351 | -6/Proximity Caves | Spotted B-75 Beast 7374 | -6/Proximity Caves | Destroyed by H-66 Slayer with Gauss Rifle Last Messages --------------- GOAL=ESCAPE Penetrated by Slug. G-50 Soldier springs to life. B-48 Gladiator springs to life. S-27 Virus destroyed. Imp. VTOL Module destroyed. P-60 Hacker: "UNIQUE TECHNOLOGY DETECTED, NEUTRALIZE FOR ANALYSIS." Penetrated by Slug. Lgt. Nuclear Core destroyed. Penetrated by Slug. E=L9PYLEWRLQX RZ&ANO9DGIXXX=E P-60 Hacker destroyed. Acquired Mic. Nuclear Core. Shock Rifle fries itself beyond repair. Acquired 47 matter. Acquired Target Analyzer. UDFMTAMNJ9 H1J Acquired 60 matter. Slug penetrates Wall. Map ----- +----------------------------------------------------+ | ?????????????????????????????????????????????????? | | ?????????????????????????????????????????????????? | | ?????????????????????????????????????????????????? | | ?????????????????????????????????????????????????? | | ?????????????????????????????????????????????????? | | ?????????????????????????????????????????????????? | | ?????????????????????????????????????????????????? | | ?????????????????????????????????????????????????? | | ?????????????????????????????????????????????????? | | ?????????????????????????????????????????????????? | | ?????????????????????????????????????????????????? | | ?????????????????????????????????????????????????? | | ?????????????????????????????????????????????????? | | ?????????????????????????????????????????????????? | | ##????????????????????#######????????????????????? | | ##????#####????????## ##??####?????????????? | | ##??## ##????#### #?## ##????????????? | | #?## ####?# ### #????????????? | | ### #?# ## ## ### ##???????????? | | ### ## #?##### ##??????????? | | # ## # ## #?#### ##?????????? | | ## ###### ### ##????????? | | ## ##??# #### ####### #????????? | | ##?# #??# ####### #????????? | | # #? #??# h #????????? | | # ### #??#########@ #????????? | | ##?? #??????????# ## #????????? | | ##??# #?????????# ### ### ##???????? | | ##?# #????????## ### #?## ##??????? | | #### ????????# #####??# #??????? | | #?## ## ?????## #?##### #??????? | | ##?# #?? ##???## #### ##??????? | | #?# ??????## #### ##???????? | | #?## ????## #?# #????????? | | # ###??## #???# ## ##?# ##????????? | | # ##?????# #???## !####??## ##????????? | | ##?????# ####?## ####??# ##???????? | | #??????#??## ##?###! #### #???????? | | #?????????# ##??##| #???????? | | ##????????## #???# ##???????? | | ##????????## ##?## ###????????? | | #?????????# ### #??????????? | | ##?????????#### ##??????????? | | ##?????????????## ###???????????? | | ##???????????????# ## ##?????????????? | | ##????????????????# ### ##??????????????? | | #?????????????????######## #???????????????? | | #???????????????????????# #####???????????? | | #???????????????????????# ## ##??????????? | | #???????????????????????### #######????? | +----------------------------------------------------+ Best States ------------- Heat Dissipation 34 Energy Generation 16 Energy Capacity 1660 Matter Stores 300 Matter Capacity 300 Sight Range 20 Terrain Scan Density 10 Corruption Block 8 Armor Coverage 450 Power Shielding 66 Weapon Shielding 33 Melee Speed Boost 20 Evasion (%) 64 Melee Accuracy 6 Target Analysis 5 Recoil Reduction 3 Offensive Hacking 20 Item Schematics ----------------- Imp. VTOL Module | -8/Materials | Scanalyzed Rocket Launcher | -8/Materials | Scanalyzed Sml. Storage Unit | -8/Materials | Scanalyzed Mak. Axe | -8/Materials | Scanalyzed Combat Drone Bay | -7/Data Miner | Free Lgt. Regenerative Plating | -7/Data Miner | Free Cld. Aerolev Unit | -7/Data Miner | Free Gravity Neutralizer | -7/Data Miner | Free Com. Ion Cannon | -7/Data Miner | Free Thunder Leg | -7/Data Miner | Free Adv. Cooling System | -7/Data Miner | Free Lance | -7/Data Miner | Free Phase Cannon | -7/Data Miner | Free Imp. Shock Absorption System | -7/Data Miner | Free Adv. Plasma Cannon | -7/Data Miner | Free Imp. Fusion Compressor | -7/Data Miner | Free Nanoactuators | -7/Data Miner | Free Robot Schematics ------------------ B-48 Gladiator | -7/Data Miner | Free L-41 Fighter | -7/Data Miner | Free M-14 Sweeper | -7/Data Miner | Free S-27 Virus | -7/Data Miner | Free B-60 Warrior | -7/Data Miner | Free Fabricated ------------ Chainsword | x2 | -7/Factory | Preloaded Imp. VTOL Module | x1 | -7/Factory Repaired ---------- Lgt. Nuclear Core | 26% | -7/Factory Imp. VTOL Module | 66% | -7/Factory Alien Tech Used ----------------- None Achievements -------------- None Challenges ------------ None Game ------ Seed ActiveTiamatArmor Manual? 0 Play Time 01:15:59 Cumulative 39.5 hours Start 2025.06.04 @ 20:46:08 End 2025.06.04 @ 22:11:54 Sessions 1 Manual Loads 0 Difficulty Rogue Special Mode None Game No. 39 Rogue 39 Adventurer 0 Explorer 0 Win Type - Total 0 Types 0/0/0/0/0/0/0/0/0/0 Lore% 24 Gallery% 33 Achievement% 37 Wizard Run 0 Options --------- Layout 1 ASCII 0 Keyboard 0 Movement Mouse Keybinds 0 Fullscreen 1 Font 24/Smallcaps Map View 50x35 Zoom Use 0% Tactical HUD 0 Map Filters NONE Filters NONE Steam 1 RUN: 3a9a7552-9360-43df-9418-064e72bf7a2f